 Dungeon Crawl Stone Soup version 0.26.1-11-gd32895ea62 (webtiles) character file.

Game seed: 15075116260596942694

10439 Zeld the Cruncher (level 11, -13/64 HPs)
             Began as an Octopode Gladiator on May 23, 2021.
             Was a High Priest of Okawaru.
             Mangled by a swamp worm (21 damage)
             ... on level 2 of the Lair of Beasts.
             The game lasted 00:17:37 (21132 turns).

Zeld the Cruncher (Octopode Gladiator)             Turns: 21132, Time: 00:17:37

Health: -13/64     AC:  3    Str: 16    XL:     11   Next: 62%
Magic:  11/11      EV: 14    Int: 11    God:    Okawaru [*****.]
Gold:   263        SH:  5    Dex: 14    Spells: 10/10 levels left

rFire    . . .     SeeInvis .   y - +5 quarterstaff (vorpal)
rCold    . . .     Faith    .   (shield currently unavailable)
rNeg     . . .     Spirit   .   b - +2 hat
rPois    +         Reflect  +   e - amulet of reflection
rElec    .         Harm     .   B - ring of poison resistance
rCorr    .         Rampage  .   G - ring of willpower
Will     +....                  (no ring)
Stlth    +++.......             (no ring)
HPRegen  0.20/turn              (no ring)
MPRegen  0.12/turn              (no ring)
                                (no ring)
                                (no ring)

@: about to teleport
A: almost no armour, stealthy swim, amphibious, 8 rings, constrict 8, camouflage
1, gelatinous body 1
a: Renounce Religion, Heroism, Finesse


You were on level 2 of the Lair of Beasts.
You worshipped Okawaru.
Okawaru was extremely pleased with you.
You visited 3 branches of the dungeon, and saw 15 of its levels.

You collected 885 gold pieces.
You spent 622 gold pieces at shops.

Inventory:

Hand Weapons
 a - a +1 quarterstaff
 y - a +5 vorpal quarterstaff (weapon)
Missiles
 c - 4 throwing nets
 v - 36 poisoned darts (quivered)
 z - 4 boomerangs
 C - 14 javelins
 D - 2 atropa-tipped darts
 E - 7 curare-tipped darts
Armour
 b - a +2 hat (worn)
Jewellery
 e - an amulet of reflection (around mantle)
 B - a ring of poison resistance (left tentacle)
 G - a ring of willpower (right tentacle)
Wands
 g - a wand of enslavement (2)
 r - a wand of iceblast (3)
 I - a wand of polymorph (2)
 K - a wand of disintegration (13)
 L - a wand of acid (10)
Scrolls
 d - 8 scrolls of remove curse
 n - 9 scrolls of teleportation
 o - a scroll of magic mapping
 A - 2 scrolls of enchant armour
 F - a scroll of amnesia
Potions
 f - 5 potions of curing
 h - a potion of brilliance {unknown}
 i - a potion of mutation {unknown}
 j - 3 potions of ambrosia {unknown}
 k - a potion of magic {unknown}
 l - 2 potions of attraction {unknown}
 m - 3 potions of flight
 p - 2 potions of haste {unknown}
 q - 2 potions of degeneration {unknown}
 s - 2 potions of lignification {unknown}
 t - 5 potions of heal wounds {unknown}
 u - a potion of cancellation {unknown}
 w - a potion of invisibility {unknown}
 x - 2 potions of might
Miscellaneous
 H - a lightning rod (4/4)
 J - a tin of tremorstones (2/2)


   Skills:
 - Level 2.0 Fighting
 - Level 14.0 Staves
 * Level 11.2 Throwing
 - Level 3.0 Dodging


You had 10 spell levels left.
You didn't know any spells.
Your spell library contained the following spells:

 Spells                   Type           Power        Failure   Level
 Foxfire                  Conj/Fire      0%           34%         1
 Summon Small Mammal      Summ           0%           34%         1
 Call Imp                 Summ           0%           47%         2
 Call Canine Familiar     Summ           0%           71%         3
 Confusing Touch          Hex            0%           71%         3
 Conjure Flame            Conj/Fire      0%           71%         3
 Gell's Gravitas          Tloc           0%           71%         3
 Inner Flame              Hex/Fire       0%           71%         3
 Summon Guardian Golem    Hex/Summ       0%           71%         3
 Petrify                  Tmut/Erth      0%           98%         4
 Sticky Flame             Conj/Fire      0%           98%         4
 Summon Ice Beast         Ice/Summ       0%           98%         4
 Summon Lightning Spire   Summ/Air       0%           98%         4
 Fireball                 Conj/Fire      0%           100%        5
 Metabolic Englaciation   Hex/Ice        0%           100%        5
 Yara's Violent Unravell  Hex/Tmut       0%           100%        5


Dungeon Overview and Level Annotations

Branches:
Dungeon (11/15)            Temple (1/1) D:6            Lair (3/6) D:9
  Swamp: Lair:2-4    Shoals: Lair:2-4     Snake: Lair:2-4    Spider: Lair:2-4
    Orc: D:9-12

Altars:
Ashenzari
Cheibriados
Dithmenos
Elyvilon
Fedhas
Gozag
Hepliaklqana
Kikubaaqudgha
Makhleb
Nemelex Xobeh
Okawaru
Qazlal
Ru
Sif Muna
Trog
Uskayaw
Vehumet
Wu Jian
Xom
Yredelemnul
Zin
The Shining One

Shops:
D:6 ?=*


Innate Abilities, Weirdness & Mutations

You cannot wear most types of armour.
You are very stealthy in the water. (Stealth+)
You are amphibious.
You can wear up to eight rings at the same time.
You can use your tentacles to constrict eight enemies at once.
Your skin changes colour to match your surroundings (Stealth+).
Your rubbery body absorbs attacks. (AC +1, EV +1)


Message History

Your cane toad stings the four-headed hydra!
The four-headed hydra bites you.
The four-headed hydra closely misses you.
The four-headed hydra bites you!
The four-headed hydra closely misses you.
The swamp worm fires a harpoon shot at you.
The harpoon shot hits you!
You are yanked forward by the harpoon shot.
As you read the scroll of teleportation, it crumbles to dust.
You feel strangely unstable. The swamp worm bites you!
* * * LOW HITPOINT WARNING * * *
The four-headed hydra bites you.
* * * LOW HITPOINT WARNING * * *
The four-headed hydra completely misses you.
The four-headed hydra bites you.
* * * LOW HITPOINT WARNING * * *
You block the four-headed hydra's attack.
Your cane toad closely misses the four-headed hydra.
The swamp worm bites you!!
You die...

♣♣♣♣♣ ♣♣≈≈≈♣ .§
♣≈≈≈≈♣ §§ ♣≈≈≈≈♣
#..## ♣.♣≈≈≈≈♣
.... ♣..≈≈≈≈♣##
#..# ♣...≈w@♣.#
...#
♣♣..≈≈...####..#
♣♣.♣FD...##...##
♣♣♣♣.♣.#.P....#
♣♣♣.....<..###...
♣...............
♣.##..###.#######
## ###.#### ###


You could see a four-headed hydra, a swamp worm and a friendly cane toad
(charmed).

Vanquished Creatures
  A boulder beetle (D:10)
  Sonja (D:10)
  Pikel (D:7)
  A black mamba (Lair:2)
  A cane toad (Lair:1)
  Maggie (D:8)
  3 komodo dragons
  A polar bear (Lair:1)
  Grinder (D:6)
  3 yaks
  Sigmund (D:6)
  A wyvern (Lair:3)
  Grum (D:10)
  Edmund (D:4)
  A naga (Lair:2)
  5 water moccasins
  2 orc warriors
  4 ice beasts
  6 sky beasts
  A necrophage (D:10)
  5 ogres
  A phantom (D:8)
  7 wolves
  2 centaurs (D:7)
  A big kobold (D:7)
  4 bullfrogs
  A wyvern zombie (D:10)
  2 scorpions
  10 killer bees
  8 wights
  A bullfrog zombie (D:6)
  2 orc priests
  A quasit (D:9)
  7 hounds
  A jelly (D:8)
  3 bullfrog skeletons
  4 centaur skeletons
  A gnoll shaman (D:5)
  Jessica (D:3)
  3 iguanas
  8 orc wizards
  5 worker ants
  A hound zombie (D:10)
  A hound skeleton (D:10)
  Robin (D:3)
  12 adders
  11 gnolls
  2 shadow imps
  3 white imps
  3 ufetubi
  An adder skeleton (D:4)
  An adder zombie (D:8)
  8 worms
  A dart slug (D:1)
  2 leopard geckos
  30 orcs
  5 ball pythons
  8 giant cockroaches
  6 goblins
  9 hobgoblins
  18 jackals
  8 kobolds
  A quokka (D:2)
  7 bats
  5 frilled lizards
  A jackal zombie (D:5)
  A leopard gecko zombie (D:8)
  8 rats
269 creatures vanquished.

Vanquished Creatures (others)
  A yak (D:9)
  7 fungi
  27 plants
35 creatures vanquished.

Grand Total: 304 creatures vanquished

Notes
Turn   | Place    | Note
-------+----------+-------------------------------------------
     0 | D:1      | Zeld the Octopode Gladiator began the quest for the Orb.
     0 | D:1      | Reached XP level 1. HP: 14/14 MP: 1/1
    87 | D:2      | Reached XP level 2. HP: 19/19 MP: 2/2
   875 | D:4      | Reached skill level 4 in Staves
   875 | D:4      | Reached XP level 3. HP: 16/24 MP: 3/3
  1678 | D:4      | Reached skill level 5 in Staves
  1678 | D:4      | Reached XP level 4. HP: 9/29 MP: 4/4
  1698 | D:5      | Entered Level 5 of the Dungeon
  2376 | D:6      | Found Peaklin's Magic Scroll Boutique.
  2385 | D:6      | Bought a scroll of identify for 24 gold pieces
  2435 | D:6      | Bought a scroll of remove curse for 36 gold pieces
  2435 | D:6      | Bought a scroll of remove curse for 36 gold pieces
  2464 | D:7      | Noticed Pikel
  2464 | D:7      | Noticed a lemure
  2464 | D:7      | Noticed a lemure
  2464 | D:7      | Noticed a lemure
  2464 | D:7      | Noticed a centaur
  2647 | D:4      | Noticed Edmund
  2868 | D:1      | Reached XP level 5. HP: 28/34 MP: 5/5
  3916 | D:3      | Found an iron altar of Okawaru.
  3932 | D:3      | Became a worshipper of Warmaster Okawaru
  4013 | D:3      | Reached skill level 6 in Staves
  4219 | D:3      | Noticed Jessica
  4236 | D:3      | Killed Jessica
  4284 | D:3      | Found a basalt altar of Yredelemnul.
  4306 | D:3      | Reached XP level 6. HP: 37/39 MP: 6/6
  4378 | D:3      | Found a blossoming altar of Fedhas.
  4559 | D:3      | Noticed Robin
  4573 | D:3      | Killed Robin
  5047 | D:3      | Reached skill level 7 in Staves
  5653 | D:4      | Reached * piety under Okawaru
  5654 | D:4      | Reached skill level 8 in Staves
  5654 | D:4      | Reached XP level 7. HP: 34/45 MP: 7/7
  5908 | D:4      | Killed Edmund
  6747 | D:5      | Found a white marble altar of Elyvilon.
  6963 | D:5      | Reached skill level 9 in Staves
  7092 | D:5      | Reached XP level 8. HP: 42/50 MP: 8/8
  7373 | D:6      | Found the +27 Lear's hauberk
  7579 | D:6      | Found a staircase to the Ecumenical Temple.
  7632 | Temple   | Entered the Ecumenical Temple
  7963 | D:6      | Noticed Grinder
  7964 | D:6      | Paralysed by Grinder for 6 turns
  7973 | D:6      | Killed Grinder
  7973 | D:6      | Reached ** piety under Okawaru
  7974 | D:6      | Reached skill level 10 in Staves
  8906 | D:6      | Found Wyriq's Jewellery Shop.
  8914 | D:6      | Bought an uncursed ring of poison resistance for 240 gold
                  | pieces
  9023 | D:6      | Noticed Sigmund
  9423 | D:6      | Reached skill level 11 in Staves
  9664 | D:6      | Killed Sigmund
  9686 | D:6      | Bought a scroll of teleportation for 36 gold pieces
  9686 | D:6      | Bought a scroll of teleportation for 36 gold pieces
  9835 | D:6      | Found Rypseb's General Store.
 10038 | D:7      | Killed Pikel
 10038 | D:7      | Reached *** piety under Okawaru
 10039 | D:7      | Reached skill level 12 in Staves
 10039 | D:7      | Reached XP level 9. HP: 18/54 MP: 9/9
 10835 | D:7      | Found a snail-covered altar of Cheibriados.
 10835 | D:7      | Found a glowing silver altar of Zin.
 10842 | D:7      | Found a radiant altar of Vehumet.
 10882 | D:7      | Found a faded altar of an unknown god.
 10883 | D:7      | Found a faded altar of an unknown god.
 11397 | D:7      | Reached skill level 13 in Staves
 12058 | D:8      | Reached **** piety under Okawaru
 12311 | D:8      | Reached XP level 10. HP: 60/60 MP: 10/10
 12340 | D:8      | Found a bloodstained altar of Trog.
 12634 | D:8      | Received a gift from Okawaru
 12762 | D:8      | Noticed Maggie
 12773 | D:8      | Killed Maggie
 12827 | D:8      | Found a hide-covered altar of Uskayaw.
 12856 | D:8      | Reached skill level 14 in Staves
 13156 | D:6      | Bought 3 curare-tipped darts for 25 gold pieces
 13156 | D:6      | Bought a scroll of amnesia for 49 gold pieces
 13156 | D:6      | Bought a potion of might for 56 gold pieces
 14202 | D:9      | Found a staircase to the Lair.
 14267 | D:9      | Reached skill level 5 in Throwing
 14638 | D:6      | Bought a potion of flight for 42 gold pieces
 14638 | D:6      | Bought a scroll of teleportation for 42 gold pieces
 14703 | D:10     | Entered Level 10 of the Dungeon
 14905 | D:10     | Noticed Sonja
 14934 | D:10     | Killed Sonja
 14934 | D:10     | Reached ***** piety under Okawaru
 15152 | D:10     | Noticed a boulder beetle
 15471 | D:10     | Received a gift from Okawaru
 15475 | D:10     | Killed a boulder beetle
 15476 | D:10     | Reached XP level 11. HP: 13/64 MP: 9/11
 16046 | D:10     | Found the +8 frozen axe "Frostbite" {freezing cloud, *Noise
                  | +Fly rC+}
 16074 | D:10     | Noticed Grum
 16535 | D:10     | Killed Grum
 17200 | D:11     | Noticed a cyclops
 17201 | D:11     | Noticed a cyclops
 17762 | Lair:1   | Entered Level 1 of the Lair of Beasts
 17810 | Lair:1   | Received a gift from Okawaru
 18191 | Lair:1   | You fall into a shaft and drop 1 floor!
 18229 | Lair:2   | Reached skill level 10 in Throwing
 18424 | Lair:2   | You fall into a shaft and drop 1 floor!
 18427 | Lair:3   | Noticed a five-headed hydra
 21126 | Lair:2   | Noticed a four-headed hydra
 21132 | Lair:2   | Mangled by a swamp worm

Illustrated notes

Levels and vault maps discovered:
D:1:      wander_arrival_fairy_ring, layout_loops_ring, minmay_hexomino_f4
D:2:      layout_basic, st_stairs_8, minivault_19
D:3:      layout_basic, marbit_many_paths, old_standard_altar,
          overflow_temple_1_default, skrybe_limestone_x, serial_bayou_pond_a,
          roderic_lattice_a, chequers_jeans, uniq_robin, uniq_jessica
D:4:      kennysheep_spiral_hall, layout_rooms, minmay_manual_mail, uniq_edmund
D:5:      layout_loops_ring, elyvilon_altar_5
D:6:      layout_layer_cave, minmay_temple_entry_nine_rooms, serial_shops, shop,
          kennysheep_mini, shop_coins, uniq_grinder, uniq_sigmund
D:7:      minmay_chambers_of_fours, layout_basic,
          chequers_temple_overflow_minitemple, dk_noncrumbling_4, uniq_pikel
D:8:      layout_loops_corners, general_overflow_altar, basic_altar, uniq_maggie
D:9:      layout_basic, david_lair_shrubbed
D:10:     layout_loops_cross, uniq_grum, uniq_sonja
D:11:     layout_basic, erik_orc_4, minmay_checkerbox
Temple:   minmay_temple_curvy_branch
Lair:1:   layout_chaotic_city
Lair:2:   beast_lair_carwin_large_4, layout_long_grid, palyth_hydra_swamp_entry,
          minmay_snake_entry_guardpost_small
Lair:3:   layout_concentric_octagons, ebering_ghost_funeral_grove, st_stairs_5,
          serial_bayou_shore_a

Skill      XL: |  1  2  3  4  5  6  7  8  9 10 11 |
---------------+----------------------------------+-----
Staves         | 4 5 6 8 9 12 13 14 | 14.0
Throwing       | 8 11 | 11.2
Fighting       | |  2.0
Dodging        | |  3.0

Action                   |  1- 3 |  4- 6 |  7- 9 | 10-12 || total
-------------------------+-------+-------+-------+-------++-------
Melee: Quarterstaff      |    53 |   163 |   231 |   293 ||   740
       Constrict         |    15 |    51 |    43 |    40 ||   149
       Tentacles         |     8 |    32 |    49 |    64 ||   153
       Unarmed           |       |       |       |     4 ||     4
       Punch             |       |       |       |     3 ||     3
Throw: Dart              |       |       |       |     7 ||     7
Invok: Heroism           |       |       |     2 |     9 ||    11
       Finesse           |       |       |       |     1 ||     1
Evoke: Wand              |       |       |       |     4 ||     4
  Use: Scroll            |       |    11 |     7 |     8 ||    26
       Potion            |       |       |       |     5 ||     5
 Stab: Sleeping          |     2 |    14 |    10 |     3 ||    29
       Distracted        |     1 |     1 |     2 |       ||     4
Armor: Skin              |     3 |    12 |    18 |    26 ||    59
Dodge: Dodged            |    39 |    83 |    98 |   161 ||   381
Block: Other             |       |    12 |    31 |    44 ||    87
       Reflection        |       |       |     4 |       ||     4
